 Dungeon Crawl Stone Soup version 0.18.1-5-g4a78601 (webtiles) character file.

447 Geppetto the Basher (level 6, 0/51 HPs)
             Began as a Minotaur Berserker on May 11, 2016.
             Was an Elder of Trog.
             Killed from afar by an orc wizard (9 damage)
             ... with a puff of flame
             ... on level 4 of the Dungeon.
             The game lasted 00:23:56 (5229 turns).

Geppetto the Basher (Minotaur Berserker)            Turns: 5229, Time: 00:23:56

Health: 0/51       AC:  1    Str: 24      XL:     6   Next: 73%
Magic:  5/5        EV:  6    Int:  3 (6)  God:    Trog [****..]
Gold:   242        SH: 12    Dex:  6 (9)  Spells: 0 memorised, 5 levels left

rFire  . . .     SeeInvis .     a - +0 mace
rCold  . . .     Gourm    .     d - +0 leather armour
rNeg   . . .     Faith    .     m - +1 large shield
rPois  +         Spirit   .     (helmet restricted)
rElec  .         Dismiss  .     (no cloak)
rCorr  .         Reflect  .     (no gloves)
SustAt .         Harm     .     (no boots)
MR     ++...                    (no amulet)
Stlth  ++........               (no ring)
                                n - ring of poison resistance

@: lethally poisoned (0 -> -8), regenerating, drained, very resistant to hostile
enchantments, unstealthy
A: retaliatory headbutt, horns 2, camouflage 1, clever 1, deformed body
a: Berserk, Trog's Hand, Brothers in Arms, Burn Spellbooks, Renounce Religion


You were on level 4 of the Dungeon.
You worshipped Trog.
Trog was greatly pleased with you.
You were hungry.

You visited 1 branch of the dungeon, and saw 5 of its levels.
You also visited: Sewer.

You collected 242 gold pieces.

Inventory:

Hand Weapons
 a - a +0 mace (weapon)
Missiles
 k - 114 stones (quivered)
Armour
 b - a +0 animal skin
 d - a +0 leather armour (worn)
 h - a +0 ring mail
 m - a +1 large shield (worn)
Jewellery
 n - a ring of poison resistance (left hand)
Scrolls
 o - a scroll of remove curse
 p - a scroll of recharging
 r - 3 scrolls of teleportation
 s - a scroll of enchant armour
 u - 2 scrolls of fear
Potions
 e - 2 potions of flight
 j - a potion of might
 q - a potion of heal wounds
 t - a potion of cancellation
Comestibles
 c - 5 bread rations
 f - a slice of pizza
 g - 2 beef jerkies
 i - 3 meat rations
 l - 3 fruits


   Skills:
 - Level 3.6(3.1) Fighting
 * Level 8.2(7.6) Maces & Flails
 + Level 3.2(2.7) Throwing
 - Level 2.4(1.9) Armour
 - Level 2.1(1.7) Dodging


You had 5 spell levels left.
You didn't know any spells.

Dungeon Overview and Level Annotations

Branches:
Dungeon (5/15)             Temple (0/1) D:4

Altars:
Ashenzari
Kikubaaqudgha
Ru
Sif Muna
Vehumet

Annotations:
D:3 Terence
D:5 bollicks1999's ghost, novice OpAs


Innate Abilities, Weirdness & Mutations

You reflexively headbutt those who attack you in melee.
You have a pair of horns on your head.
Your skin changes colour to match your surroundings (Stealth).
Your mind is acute. (Int +2)
Armour fits poorly on your strangely shaped body.


Message History

You completely miss the orc.
The orc is heavily wounded.
You feel sick. Something hits you.
You are more poisoned.
The orc hits you with a dagger. Something hits you.
You are more poisoned.
You feel very sick. The orc hits you with a dagger. Something hits you.
You climb upwards.
You feel very sick.
There is a stone staircase leading down here.
You hit the orc.
The orc is severely wounded.
You feel very sick. You block something's attack.
The orc hits you with a dagger!
* * * LOW HITPOINT WARNING * * *
You hear some strange, mumbled words.
A puff of flame appears from out of thin air!
The puff of flame hits you!
You die...

##.........(...#
#............###
#...............
#.........[#..⌠.
#...............
#............###
##........##...#
#####.......#....#
##@.....####.......
##.o......##..###...
#....).......## #...
#..........#.# ##...
#............# #....
#..........### #....
#..........# #....
##........## #....
#..........# ##....


You could see an orc.

Vanquished Creatures
  A scorpion (D:4)
  An orc priest (D:3)
  A gnoll shaman (D:4)
  An orc wizard (D:4)
  2 worker ants
  3 gnolls (D:4)
  4 river rats (Sewer)
  8 adders
  3 oozes
  A worm (D:3)
  2 dart slugs (D:1)
  A giant gecko (D:3)
  8 orcs
  7 ball pythons
  2 bats (D:1)
  4 giant cockroaches
  9 goblins
  13 hobgoblins
  6 jackals (D:1)
  9 kobolds
  A quokka (D:4)
  11 giant newts
  15 rats
113 creatures vanquished.

Notes
Turn   | Place    | Note
--------------------------------------------------------------
     0 | D:1      | Geppetto the Minotaur Berserker began the quest for the Orb.
     0 | D:1      | Reached XP level 1. HP: 19/19 MP: 0/0
   158 | D:1      | Reached skill level 4 in Maces & Flails
   200 | D:1      | Reached XP level 2. HP: 1/26 MP: 1/1
   636 | D:1      | Reached skill level 5 in Maces & Flails
   653 | D:1      | Reached ** piety under Trog
   663 | D:1      | Reached XP level 3. HP: 9/31 MP: 2/2
  1524 | D:2      | Found a faded altar to an unknown god.
  1554 | D:2      | Reached skill level 1 in Throwing
  1594 | D:2      | Reached XP level 4. HP: 24/39 MP: 3/3
  2280 | D:3      | Reached skill level 6 in Maces & Flails
  2292 | D:3      | Gained mutation: Your skin changes colour to match your surroundings (Stealth). [potion of mutation]
  2292 | D:3      | Gained mutation: Your mind is acute. (Int +2) [potion of mutation]
  2292 | D:3      | Gained mutation: Armour fits poorly on your strangely shaped body. [potion of mutation]
  2295 | D:3      | Reached *** piety under Trog
  2817 | D:3      | Found a sacrificial altar of Ru.
  2820 | D:3      | Found a radiant altar of Vehumet.
  2820 | D:3      | Found a shattered altar of Ashenzari.
  2827 | D:3      | Reached XP level 5. HP: 38/45 MP: 4/4
  2828 | D:3      | Found a deep blue altar of Sif Muna.
  2828 | D:3      | Found an ancient bone altar of Kikubaaqudgha.
  2943 | D:3      | Noticed Terence
  3018 | D:4      | Found a staircase to the Ecumenical Temple.
  3049 | D:4      | Reached skill level 7 in Maces & Flails
  3171 | D:4      | HP: 3/67 [worker ant (7)]
  3177 | D:4      | HP: 1/45 [poisoned by a worker ant]
  3182 | D:4      | HP: 1/45 [poisoned by a worker ant]
  3456 | D:4      | Reached XP level 6. HP: 32/51 MP: 5/5
  3698 | D:4      | Found a glowing drain.
  3705 | Sewer    | Entered a sewer
  4464 | Sewer    | Reached **** piety under Trog
  4945 | D:4      | Reached skill level 8 in Maces & Flails
  5100 | D:5      | Entered Level 5 of the Dungeon
  5152 | D:5      | Noticed bollicks1999's ghost (novice OpAs)
  5229 | D:4      | Killed from afar by an orc wizard

Skill      XL: |  1  2  3  4  5  6 |
---------------+-------------------+-----
Maces & Flails | 4 5 6 7 8 |  8.2
Throwing       | 1 2 3 |  3.2
Fighting       | |  3.6
Armour         | |  2.4
Dodging        | |  2.1

Action                   |  1- 3 |  4- 6 || total
-------------------------+-------+-------++-------
Melee: Mace              |    90 |   238 ||   328
       Headbutt          |    10 |    27 ||    37
Throw: Stone             |    38 |   102 ||   140
Invok: Berserk           |     1 |     3 ||     4
       Trog's Hand       |       |     2 ||     2
  Use: Scroll            |     2 |     9 ||    11
       Potion            |       |     7 ||     7
 Stab: Sleeping          |       |     2 ||     2
  Eat: Chunk             |     3 |    14 ||    17
       Fruit             |       |     1 ||     1
Armor: Animal skin       |    16 |     1 ||    17
       Leather armour    |       |    15 ||    15
Dodge: Dodged            |    56 |    66 ||   122
Block: Large shield      |       |   135 ||   135
